 Dungeon Crawl Stone Soup version 0.30-a0-368-g86fb4627a9 (webtiles) character file.

Game seed: 12509650683301129610

11602 experimilk the Destroyer (level 11, 0/65 (75) HPs)
             Began as a Yellow Draconian Conjurer on Nov 19, 2022.
             Was a Priest of Hepliaklqana.
             Slain by a komodo dragon (26 damage)
             ... on level 1 of the Lair of Beasts.
             The game lasted 00:48:23 (15313 turns).

experimilk the Destroyer (DrCj)                    Turns: 15313, Time: 00:48:23

HP:   0/65 (75)     AC: 10    Str: 20    XL:     11   Next: 51%
MP:   1/17          EV: 12    Int: 22    God:    Hepliaklqana [***...]
Gold: 1670          SH:  5    Dex: 10    Spells: 1/18 levels left

rFire   . . .      SeeInvis .    I - +8 quarterstaff of Riun {vorpal, rPois Str+4}
rCold   + . .      Faith    .    (shield currently unavailable)
rNeg    . . .      Spirit   .    (body armour unavailable)
rPois   +          Reflect  +    (helmet restricted)
rElec   .          Harm     .    r - +2 cloak {Will+}
rCorr   +          Rampage  .    (no gloves)
Will    +....                    (no boots)
Stlth   ++........               o - amulet of reflection
HPRegen 0.30/turn                H - +6 ring of strength
MPRegen 0.15/turn                v - ring of protection from cold

@: heavily drained, invisible
A: reduced essence, spit acid, AC +7, unfitting armour, cold-blooded, acid
resistance
a: Breathe Acid, Renounce Religion, Recall Ancestor, Ancestor Identity,
Transference


You were on level 1 of the Lair of Beasts.
You worshipped Hepliaklqana.
Hepliaklqana was most pleased with you.
You visited 3 branches of the dungeon, and saw 12 of its levels.
You also visited: Ossuary and Bailey.

You collected 1670 gold pieces.

Inventory:

Hand Weapons
 e - a +8 quarterstaff of chaos
 I - the +8 quarterstaff of Riun (weapon) {vorpal, rPois Str+4}
   (You found it in a bailey)

   It inflicts extra damage upon your enemies.
   Str:       It affects your strength (+4).
   rPois:     It protects you from poison.
Armour
 r - a +2 cloak of willpower (worn)
Magical Staves
 s - a staff of conjuration
Jewellery
 f - a +6 ring of dexterity
 o - an amulet of reflection (around neck)
 v - a ring of protection from cold (right hand)
 E - a ring of positive energy
 F - a ring of positive energy
 H - a +6 ring of strength (left hand)
Wands
 i - a wand of flame (19)
 j - a wand of acid (4)
 p - a wand of roots (4)
 t - a wand of paralysis (14)
 w - a wand of digging (11)
Scrolls
 c - 9 scrolls of teleportation
 g - 3 scrolls of immolation
 n - a scroll of summoning {unknown}
 q - a scroll of enchant weapon
 x - 2 scrolls of fear
 y - 6 scrolls of butterflies
 A - 2 scrolls of enchant armour {unknown}
 C - 2 scrolls of blinking {unknown}
 G - a scroll of vulnerability
Potions
 a - a potion of cancellation {unknown}
 b - a potion of resistance
 d - 3 potions of haste
 h - a potion of might
 k - 5 potions of curing
 m - 2 potions of flight {unknown}
 u - 2 potions of lignification {unknown}
 z - 3 potions of heal wounds {unknown}
 B - a potion of berserk rage {unknown}
 D - 4 potions of mutation


   Skills:
 - Level 4.0 Fighting
 - Level 2.0 Staves
 - Level 2.0 Dodging
 - Level 1.7 Stealth
 - Level 4.0 Spellcasting
 * Level 14.7 Conjurations
 - Level 10.0 Air Magic


You had one spell level left.
You knew the following spells:

 Your Spells              Type           Power      Damage    Failure   Level
a - Lightning Bolt        Conj/Air       28%        1d44      1%          5
b - Magic Dart            Conj           100%       1d8       1%          1
s - Arcjolt               Conj/Air       28%        1d38      1%          5
x - Iskenderun's Mystic   Conj/Tloc      36%        2d9       5%          4
z - Searing Ray           Conj           100%       2d8       1%          2

Your spell library contained the following spells:

 Spells                   Type           Power      Damage    Failure   Level
 Beastly Appendage        Tmut           8%         N/A       11%         1
 Momentum Strike          Conj/Tloc      72%        3d10      1%          2
 Static Discharge         Conj/Air       100%       2-7/arc   1%          2
 Dazzling Flash           Conj/Hex       72%        N/A       1%          3
 Cigotuvi's Dreadful Rot  Necr/Pois/Air  38%        N/A       4%          2
 Vhi's Electric Charge    Tloc/Air       52%        N/A       4%          3
 Flame Wave               Conj/Fire      36%        2d10      5%          4
 Fulminant Prism          Conj/Hex       18%        3d10      5%          4
 Sticky Flame             Conj/Fire      36%        2d6       5%          4
 Blink                    Tloc           8%         N/A       17%         2
 Scorch                   Fire           8%         2d5       17%         2
 Wereblood                Tmut           4%         N/A       17%         2
 Inner Flame              Hex/Fire       4%         N/A       32%         3
 Lesser Beckoning         Tloc           8%         N/A       32%         3
 Spider Form              Tmut/Pois      4%         N/A       32%         3
 Dispel Undead            Necr           4%         3d7       73%         4
 Death Channel            Necr           2%         N/A       100%        6
 Summon Cactus Giant      Summ           2%         N/A       100%        6


Dungeon Overview and Level Annotations

Branches:
Dungeon (10/15)            Temple (1/1) D:4            Lair (1/5) D:10
    Orc (0/2) D:10        Ossuary (visited)          Bailey (visited)

Altars:
Ashenzari
Cheibriados
Dithmenos
Elyvilon
Fedhas
Gozag
Hepliaklqana
Kikubaaqudgha
Makhleb
Nemelex Xobeh
Okawaru
Qazlal
Ru
Sif Muna
Trog
Uskayaw
Vehumet
Wu Jian
Xom
Yredelemnul
Zin
The Shining One

Shops:
D:7 (


Innate Abilities, Weirdness & Mutations

Your life essence is reduced to manifest your ancestor. (-10% HP)
You can spit globs of acid.
Your golden yellow scales are hard. (AC +7)
You cannot fit into any form of body armour.
You are cold-blooded and may be slowed by cold attacks.
You are resistant to acid. (rCorr)


Message History

You feel drained.
Zoran closely misses Sonja.
You hit Sonja.
Your tail-slap misses Sonja.
Sonja is almost dead.
Sonja closely misses you. Sonja hits you but does no damage.
You feel drained.
Sonja hits you with a +2 dagger of draining.
You feel drained.
Zoran barely misses Sonja.
Sonja closely misses you.
Sonja barely misses you. x2; The blink frog barely misses you.
The blink frog closely misses you.
Casting: Lightning Bolt (dangerous; 1% risk of failure)
Confirm with . or Enter, or press ? or * to list all spells.
You erupt in a blast of force!
The mystic blast hits Sonja!
You kill Sonja!
The mystic blast hits the blink frog!
The blink frog is moderately wounded.
The blink frog is knocked back by the mystic blast.
The mystic blast hits the blink frog.
The blink frog is moderately wounded.
The blink frog is knocked back by the mystic blast.
Zoran avoids your attack.
Training target 4.0 for Fighting reached!
Your Fighting skill increases to level 4!
Unknown command.
The komodo dragon bites Zoran!
The blink frog hits you!
You catch the helpless komodo dragon completely off-guard!
You hit the komodo dragon but do no damage.
You have got your breath back.
You block the blink frog's attack. You block the komodo dragon's attack.
Zoran hits the blink frog with a +0 flail!
The blink frog blinks!
The komodo dragon barely misses you.
Unknown command.
You completely miss the blink frog.
Your tail-slap misses the blink frog.
The blink frog is moderately wounded.
The blink frog closely misses you.
The blink frog blinks!
The komodo dragon bites you! The blink frog closely misses you.
Unknown command.
You sock the blink frog!
You tail-slap the blink frog, but do no damage.
The blink frog is severely wounded.
You block the blink frog's attack. The komodo dragon bites you!!
You die...

#..........#
##.........#
#........##
##....†...# #
#P§.......###
###.###....†.....#
#......F..........#
.......R...........
.......@F..F.......
........l.##.......
...#...............
.. #...............
.................
................
#...##.........
#### #.........


You could see the friendly Zoran the knight, a komodo dragon (unable to see you)
and 3 blink frogs.

Vanquished Creatures
  An orc warlord (Bailey)
  A death yak (D:10)
  Sonja (Lair:1)
  Maggie (D:8)
  Sigmund (D:3)
  2 wraiths
  15 yaks
  3 vampire mosquitoes (D:10)
  A water moccasin (D:9)
  Duvessa (D:6)
  3 orc warriors (Bailey)
  3 black bears
  2 sky beasts (D:7)
  5 wolves (Lair:1)
  A centaur (D:9)
  A kobold brigand (D:7)
  3 bullfrogs
  A scorpion (D:5)
  A necrophage (D:5)
  3 wights (D:8)
  Dowan (D:6)
  3 killer bees (D:7)
  3 howler monkeys
  2 electric eels (D:7)
  2 hounds
  2 human zombies (Ossuary)
  2 jellies
  Crazy Yiuf (D:3)
  3 orc priests
  3 iguanas
  2 orc wizards
  A hell rat (D:10)
  2 hound zombies (Ossuary)
  2 mummies (Ossuary)
  11 adders
  2 gnolls
  2 white imps
  An ufetubus (D:7)
  An adder zombie (Ossuary)
  4 worms
  A dart slug (D:3)
  25 orcs
  6 bats
  7 endoplasms
  4 giant cockroaches
  4 goblins
  6 hobgoblins
  14 jackals
  4 quokkas
  11 ball pythons
  A jackal zombie (Ossuary)
  23 kobolds
  2 kobold zombies (Ossuary)
  2 orc zombies (Ossuary)
  2 rats (D:10)
  A rat zombie (Ossuary)
213 creatures vanquished.

Vanquished Creatures (collateral kills)
  2 death yaks (D:10)
  A hornet (D:9)
  5 yaks
  A vampire mosquito (D:10)
  2 steam dragons
  An acid dragon (D:8)
  A water moccasin (D:9)
  3 orc warriors
  A kobold brigand (D:9)
  An elf zombie (Ossuary)
  2 howler monkeys
  An orc priest (D:10)
  2 orc wizards (D:8)
  2 mummies (Ossuary)
  2 gnolls (D:6)
  A river rat (D:10)
  2 orcs (D:8)
  2 goblins (Bailey)
  2 hobgoblins (Bailey)
  6 kobolds
  A rat (D:10)
41 creatures vanquished.

Vanquished Creatures (others)
  A knight (D:10)
  2 ancestors
  7 plants (D:7)
10 creatures vanquished.

Grand Total: 264 creatures vanquished

Notes
Turn   | Place    | Note
-------+----------+-------------------------------------------
     0 | D:1      | experimilk the Draconian Conjurer began the quest for the
                  | Orb.
     0 | D:1      | Reached XP level 1. HP: 14/14 MP: 3/3
   268 | D:1      | Reached XP level 2. HP: 20/20 MP: 1/5
   353 | D:1      | Learned a level 2 spell: Searing Ray
   743 | D:1      | Reached skill level 5 in Conjurations
   744 | D:1      | Reached XP level 3. HP: 26/26 MP: 2/6
  1346 | D:1      | Reached XP level 4. HP: 30/33 MP: 2/7
  1496 | D:1      | Learned a level 4 spell: Iskenderun's Mystic Blast
  2418 | D:3      | Reached skill level 6 in Conjurations
  2515 | D:3      | Found a sacrificial altar of Ru.
  2589 | D:3      | Found a runed translucent door.
  2590 | D:3      | Noticed Crazy Yiuf
  3094 | D:3      | Noticed Sigmund
  3106 | D:3      | Killed Sigmund
  3107 | D:3      | Reached skill level 7 in Conjurations
  3107 | D:3      | Reached XP level 5. HP: 21/38 MP: 1/8
  3107 | D:3      | Reached XP level 6. HP: 25/45 MP: 1/9
  3376 | D:3      | Killed Crazy Yiuf
  3991 | D:4      | Reached skill level 8 in Conjurations
  4136 | D:4      | Found a staircase to the Ecumenical Temple.
  4832 | Temple   | Entered the Ecumenical Temple
  5097 | Temple   | Became a worshipper of Hepliaklqana the Forgotten
  5174 | D:5      | Entered Level 5 of the Dungeon
  5672 | D:5      | Your scales start taking on a golden yellow colour.
  5672 | D:5      | Reached XP level 7. HP: 49/50 MP: 1/10
  5672 | D:5      | Gained mutation: You are resistant to acid. (rCorr) [Yellow
                  | Draconian growth]
  5803 | D:5      | Reached skill level 9 in Conjurations
  6200 | D:5      | Found a shimmering altar of Xom.
  6203 | D:5      | Found an ancient bone altar of Kikubaaqudgha.
  6208 | D:5      | Found a hide-covered altar of Uskayaw.
  6322 | D:5      | Reached * piety under Hepliaklqana
  6863 | D:6      | Learned a level 5 spell: Lightning Bolt
  6906 | D:6      | Noticed a steam dragon
  6915 | D:6      | Killed a steam dragon
  6916 | D:6      | Reached skill level 1 in Air Magic
  6916 | D:6      | Reached XP level 8. HP: 32/51 MP: 8/12
  6950 | D:6      | Noticed Duvessa
  6950 | D:6      | Noticed Dowan
  7002 | D:6      | Killed Dowan
  7103 | D:6      | Killed Duvessa
  7142 | D:6      | Found a sand-covered staircase.
  7147 | Ossuary  | Entered an ossuary
  7181 | Ossuary  | Reached skill level 10 in Conjurations
  7633 | D:7      | Found Fezasi's Weapon Boutique.
  8152 | D:7      | Found a shadowy altar of Dithmenos.
  8285 | D:7      | HP: 1/51 [steam dragon (9)]
  8287 | D:7      | Found a shimmering blue altar of Sif Muna.
  8288 | D:7      | Reached skill level 5 in Air Magic
  8559 | D:7      | Reached ** piety under Hepliaklqana
  8571 | D:7      | Reached XP level 9. HP: 51/55 MP: 1/15
  8666 | D:7      | Remembered your ancestor Zoran as a knight
  8817 | D:7      | Found a white marble altar of Elyvilon.
  8821 | D:7      | Found a radiant altar of Vehumet.
  9040 | D:7      | Found an iron altar of Okawaru.
 10153 | D:8      | Found a stormy altar of Qazlal.
 10153 | D:8      | Noticed Maggie
 10163 | D:8      | Killed Maggie
 10274 | D:8      | Reached skill level 10 in Air Magic
 10426 | D:8      | Reached skill level 1 in Fighting
 10711 | D:9      | Reached XP level 10. HP: 65/65 MP: 3/16
 10805 | D:9      | Found a flagged portal.
 10814 | Bailey   | Entered a bailey
 10891 | Bailey   | Noticed an orc warlord
 11183 | Bailey   | Found a runed translucent gate.
 11185 | Bailey   | Found a runed translucent gate.
 11187 | Bailey   | Found a runed translucent gate.
 11237 | Bailey   | Reached skill level 11 in Conjurations
 11376 | Bailey   | Killed an orc warlord
 11600 | Bailey   | Identified the +8 quarterstaff of Riun {vorpal, rPois
                  | Str+4}
 11824 | Bailey   | Acquired 871 gold pieces
 12044 | D:9      | Learned a level 5 spell: Arcjolt
 12079 | D:9      | Reached skill level 12 in Conjurations
 12259 | D:9      | Found a sparkling altar of Nemelex Xobeh.
 12299 | D:9      | Reached *** piety under Hepliaklqana
 12432 | D:9      | Found a glowing golden altar of the Shining One.
 12457 | D:9      | Reached skill level 13 in Conjurations
 12633 | D:9      | Reached XP level 11. HP: 66/71 MP: 1/17
 13055 | D:10     | Entered Level 10 of the Dungeon
 13279 | D:10     | Reached skill level 14 in Conjurations
 13735 | D:10     | Found a staircase to the Lair.
 13736 | D:10     | Noticed a death yak
 13740 | D:10     | Noticed a death yak
 14721 | D:10     | Found a staircase to the Orcish Mines.
 14851 | D:10     | Noticed a death yak
 14914 | D:10     | Killed a death yak
 14915 | D:10     | Reached skill level 1 in Staves
 14918 | D:10     | Killed a death yak
 14923 | D:10     | Killed a death yak
 15222 | Lair:1   | Entered Level 1 of the Lair of Beasts
 15299 | Lair:1   | Noticed Sonja
 15309 | Lair:1   | Killed Sonja
 15313 | Lair:1   | Slain by a komodo dragon

Illustrated notes

Levels and vault maps discovered:
D:1:      spicycebolla_arrival_clurvy, layout_loops_ring, minivault_19,
          minmay_pentomino_q4
D:2:      layout_loops_cross
D:3:      layout_rooms, nicolae_ru_path_of_blood, kennysheep_big_empty_room,
          uniq_crazy_yiuf_cottage, uniq_sigmund
D:4:      layout_loops_cross, minmay_temple_entry_fiery
D:5:      kennysheep_six_static_rooms, layout_cave_pods,
          grunt_temple_overflow_diamond, moated_statue
D:6:      layout_rooms, enter_ossuary_5, uniq_duvessa
D:7:      layout_rooms, mainiacjoe_overflow_boulevard, okawaru_gym_becter,
          nicolae_overflow_hidden_temple, serial_shops,
          nicolae_shop_bloodbath_and_beyond, roderic_lattice_a,
          serial_bayou_lagoon_b
D:8:      layout_loops_ring, nicolae_qazlal_style_of_elements, corner_web_ring,
          uniq_maggie
D:9:      layout_roguey, mainiacjoe_overflow_small_starburst,
          nicolae_tso_carved_into_rock, enter_bailey_8,
          eino_small_chamber_without_monster
D:10:     layout_small_grid, dpeg_lair_monsters, orc_0_dummy
Temple:   nicolae_temple_two_arcs
Lair:1:   layout_hall_layers, beast_lair_carwin_1, uniq_sonja

Skill      XL: |  1  2  3  4  5  6  7  8  9 10 11 |
---------------+----------------------------------+-----
Conjurations   | 5 7 8 9 10 13 14 | 14.7
Spellcasting   | 3 4 |  4.0
Air Magic      | 1 6 10 | 10.0
Dodging        | 2 |  2.0
Fighting       | 1 2 4 |  4.0
Staves         | 2 |  2.0
Stealth        | |  1.7

Action                   |  1- 3 |  4- 6 |  7- 9 | 10-12 || total
-------------------------+-------+-------+-------+-------++-------
Melee: Mace              |    11 |       |       |       ||    11
       Tailslap          |     2 |       |     3 |     7 ||    12
       Dagger            |    11 |     5 |       |       ||    16
       Short sword       |    10 |       |       |       ||    10
       Quarterstaff      |       |     6 |    16 |    41 ||    63
 Cast: Magic Dart        |    45 |   101 |    67 |    40 ||   253
       Searing Ray       |     5 |    29 |    54 |    22 ||   110
       Iskenderun's Myst |       |       |     4 |     9 ||    13
       Lightning Bolt    |       |       |       |    25 ||    25
Invok: Recall Ancestor   |       |       |     1 |     2 ||     3
       Ancestor Life: Kn |       |       |     1 |       ||     1
 Abil: Breathe Acid      |       |       |    12 |     9 ||    21
  Use: Scroll            |       |     6 |    11 |     8 ||    25
       Potion            |       |       |     4 |     6 ||    10
 Stab: Distracted        |       |       |     1 |     1 ||     2
       Invisible         |       |       |       |     1 ||     1
Armor: Skin              |    16 |     6 |    24 |    20 ||    66
Dodge: Dodged            |    24 |    20 |    33 |    41 ||   118
Block: Other             |       |     6 |    17 |    18 ||    41
       Reflection        |       |       |       |     2 ||     2

Table legend: (Time is in decaauts)
 A = Elapsed time spent in this place.
 B = Non-inter-level travel time spent in this place.
 C = Inter-level travel time spent in this place.
 D = Time resting spent in this place.
 E = Time spent auto-exploring this place.
 F = Levels seen in this place.
 G = Mean time per level.
                   A        B        C        D        E       F      G
               +--------+--------+--------+--------+--------+-----+--------+
         Total |  15329 |  14966 |    363 |   6349 |   5783 |  14 | 1094.9 |
       Dungeon |  13635 |  13272 |    363 |   5542 |   5679 |  10 | 1363.5 |
        Temple |    274 |    274 |      0 |      0 |    104 |   1 |  274.0 |
          Lair |     91 |     91 |      0 |     53 |      0 |   1 |   91.0 |
       Ossuary |    313 |    313 |      0 |    134 |      0 |   1 |  313.0 |
        Bailey |   1014 |   1014 |      0 |    620 |      0 |   1 | 1014.0 |
               +--------+--------+--------+--------+--------+-----+--------+

Top non-repeatable levels by time:
     D:9: 2321 daAuts
     D:5: 1600 daAuts
     D:7: 1530 daAuts
     D:1: 1495 daAuts
     D:4: 1347 daAuts
    D:10: 1225 daAuts
     D:8: 1152 daAuts
     D:3: 1141 daAuts
  Bailey: 1014 daAuts
     D:2: 918 daAuts
     D:6: 901 daAuts
 Ossuary: 313 daAuts
  Temple: 274 daAuts
  Lair:1: 91 daAuts
